 Dungeon Crawl Stone Soup version 0.22.1-2-g9c5b331383 (webtiles) character file.

219 Jerry the Skirmisher (level 5, -5/46 HPs)
             Began as a Ghoul Fighter on Nov 27, 2018.
             Slain by Sigmund
             ... wielding a +0 scythe
              (10 damage)
             ... on level 3 of the Dungeon.
             The game lasted 00:03:23 (1370 turns).

Jerry the Skirmisher (Ghoul Fighter)                Turns: 1370, Time: 00:03:23

Health: -5/46      AC:  6    Str: 21    XL:     5   Next: 96%
Magic:  4/4        EV:  7    Int:  3    God:
Gold:   85         SH:  9    Dex:  8    Spells: 4/4 levels left

rFire    . . .     SeeInvis .   a - +0 flail
rCold    + . .     Gourm    .   c - +0 shield
rNeg     + + +     Faith    .   b - +0 scale mail
rPois    ∞         Spirit   .   (no helmet)
rElec    .         Reflect  .   (no cloak)
rCorr    .         Harm     .   (no gloves)
MR       .....                  (no boots)
Stlth    ..........             (no amulet)
HPRegen  0.00/turn              (no ring)
MPRegen  0.09/turn              (no ring)

@: flying, rotting, hasted, very quick
A: rotting body, claws 1, carnivore, cold resistance 1, negative energy
resistance 3, inhibited regeneration, torment resistance, unbreathing
a: no special abilities


You were on level 3 of the Dungeon.
You were not hungry.

You visited 1 branch of the dungeon, and saw 3 of its levels.

You collected 85 gold pieces.

Inventory:

Hand Weapons
 a - a +0 flail (weapon)
Armour
 b - a +0 scale mail (worn)
 c - a +0 shield (worn)
Jewellery
 n - an uncursed ring of protection from cold {unknown}
Scrolls
 e - 3 scrolls of identify {unknown}
 h - a scroll of teleportation {unknown}
 j - a scroll of immolation {unknown}
 o - 2 scrolls of magic mapping {unknown}
 q - a scroll of enchant weapon {unknown}
 r - a scroll of remove curse {unknown}
 s - a scroll of enchant armour {unknown}
Potions
 d - a potion of might
 l - a potion of flight
Comestibles
 f - 3 rations
 m - 7 chunks of flesh


   Skills:
 + Level 4.2 Fighting
 * Level 3.6 Maces & Flails
 + Level 3.5 Armour
 + Level 3.5 Shields


You had 4 spell levels left.
You didn't know any spells.
Your spell library was empty.

Dungeon Overview and Level Annotations

Branches:
Dungeon (3/15)

Altars:
Dithmenos
Gozag

Annotations:
D:3 Sigmund


Innate Abilities, Weirdness & Mutations

Your body is rotting away.
You thrive on raw meat.
You are immune to poison.
You have sharp fingernails.
You are carnivorous and can eat meat at any time.
Your flesh is cold resistant. (rC+)
You are immune to negative energy. (rN+++)
You do not regenerate when monsters are visible.
You are immune to unholy pain and torment.
You can survive without breathing.


Message History

The magic dart hits you!
You closely miss Sigmund. You block Sigmund's attack.
You hit Sigmund but do no damage. You barely miss Sigmund.
Sigmund mumbles some strange words.
Sigmund flickers and vanishes!
Deactivating autopickup; reactivate with Ctrl-A.
You barely miss something. You block something's attack.
You closely miss something.
Some of the chunks of flesh in your inventory have rotted away.
You closely miss something. Something hits you but does no damage.
You miss something. Something hits you!
You miss something. You closely miss something.
Something completely misses you.
You barely miss something. You closely miss something. Something hits you!
* * * LOW HITPOINT WARNING * * *
You sock something! You closely miss something. Something hits you!
You die...

..# #. # #.# #. .###. #.#
#. .... ##.# #.###... #...
.....# #.#####..# #....
#........# #..# ########.#
#.@# #.. #######{.######
## ##. ................
..# #. #######.......#.
##.####. #######..#......
........ #........#.....#
##.####.
#..####........####.####.
#...# #..#..............÷
##.#.###...............###


There were no monsters in sight!

Vanquished Creatures
  A hungry ghost (D:2)
  An orc priest (D:3)
  3 adders
  A worm (D:3)
  A dart slug (D:2)
  2 orcs (D:3)
  5 bats
  2 giant cockroaches
  2 goblins
  7 hobgoblins
  4 kobolds
  4 frilled lizards
  6 rats
39 creatures vanquished.

Notes
Turn   | Place    | Note
-------+----------+-------------------------------------------
     0 | D:1      | Jerry the Ghoul Fighter began the quest for the Orb.
     0 | D:1      | Reached XP level 1. HP: 19/19 MP: 0/0
    44 | D:1      | Reached XP level 2. HP: 26/26 MP: 1/1
   765 | D:2      | Reached XP level 3. HP: 29/31 MP: 2/2
   931 | D:2      | Noticed a hungry ghost
   949 | D:2      | Killed a hungry ghost
   949 | D:2      | Reached skill level 4 in Fighting
   949 | D:2      | Reached XP level 4. HP: 33/40 MP: 3/3
   949 | D:2      | Reached XP level 5. HP: 38/46 MP: 4/4
  1111 | D:3      | Found a shadowy altar of Dithmenos.
  1270 | D:3      | Noticed a big kobold
  1332 | D:3      | Found an opulent altar of Gozag.
  1343 | D:3      | Noticed Sigmund
  1370 | D:3      | Slain by Sigmund

Skill      XL: |  1  2  3 |
---------------+----------+-----
Maces & Flails | 2 3 |  3.6
Armour         | 3 |  3.5
Shields        | 3 |  3.5
Fighting       | 4 |  4.2

Action                   |  1- 3 |  4- 6 || total
-------------------------+-------+-------++-------
Melee: Flail             |   107 |    65 ||   172
  Use: Potion            |       |     5 ||     5
  Eat: Chunk             |     5 |     7 ||    12
Armor: Scale mail        |    43 |    22 ||    65
Dodge: Dodged            |    42 |    16 ||    58
Block: Shield            |    62 |    36 ||    98
